AoeStats
← pa_sk

Arabia

506121829Analyzed
1v1 RM · 20d ago on Sep 12, 2026· 24m 55s· 2 players
Game mode
Random Map
Map size
Tiny (2 player)
Population
200
Speed
Normal
Resources
Standard
Victory
Conquest
Starting age
Dark Age
Ending age
Imperial Age
RankedLock teamsTeams togetherTeam positionsShared explorationLock speedFull tech treeHidden civsTurbo modeCheats
Victory
Defeat
🇨🇳 Japanese · China
906
+13
🇵🇱 Huns · Poland
843
-13
59351599
7:10 Loom
9:17 Feudal Age
9:38 Man-at-Arms
22:08 Castle Age
21:39 Scale Mail Armor
21:49 Stone Mining
22:32 Pikeman
pa_sk
6:30 Loom
10:22 Feudal Age
16:01 Horse Collar
17:54 Bloodlines
19:54 Double-Bit Axe
22:46 Scale Barding Armor
24:06 Town Watch
Connection lost

Rejoining the realm…

Still unreachable

The connection could not be restored.

Session expired

The server has moved on; the page needs a fresh start.